AoeStats
← ITZ | AutocavS

Arabia

504391057Analyzed
2v2 RM · 29d ago on Sep 5, 2026· 42m 26s· 4 players
Game mode
Random Map
Map size
Medium (4 player)
Population
200
Speed
Normal
Resources
Standard
Victory
Conquest
Starting age
Dark Age
Ending age
Imperial Age
RankedLock teamsTeams togetherTeam positionsShared explorationLock speedFull tech treeHidden civsTurbo modeCheats
Victory
Defeat
🇦🇷 Ethiopians · Argentina
1400
+19
🇦🇷 Franks · Argentina
1385
+20
🇨🇴 Magyars · Colombia
1488
-20
🇦🇷 Vietnamese · Argentina
1459
-19
ITZ | AutocavS
6:47 Loom
9:41 Feudal Age
11:13 Double-Bit Axe
20:42 Castle Age
19:22 Forging
21:05 Scale Barding Armor
20:53 Gold Mining
26:01 Chain Barding Armor
30:07 Stone Mining
39:46 Imperial Age
37:46 Husbandry
38:23 Iron Casting
38:48 Wheelbarrow
38:31 Town Watch
40:44 Gold Shaft Mining
40:22 Cavalier
42:23 Plate Barding Armor
43:15 Blast Furnace
ITZ | Cappe73
6:39 Loom
9:22 Feudal Age
9:54 Double-Bit Axe
15:31 Fletching
18:33 Wheelbarrow
17:45 Town Watch
21:34 Castle Age
20:06 Padded Archer Armor
20:26 Gold Mining
21:36 Crossbowman
22:17 Bodkin Arrow
24:24 Ballistics
26:43 Bow Saw
29:32 Thumb Ring
29:23 Horse Collar
32:06 Squires
33:48 Wheelbarrow
34:09 Scale Mail Armor
34:38 Heavy Plow
36:30 Hand Cart
38:04 Stone Mining
43:41 Imperial Age
Sir_Malmsteen
9:21 Loom
11:57 Feudal Age
12:39 Double-Bit Axe
13:09 Horse Collar
15:37 Wheelbarrow
17:31 Fletching
18:33 Padded Archer Armor
25:32 Castle Age
25:41 Elite Skirmisher
27:12 Bow Saw
28:49 Bodkin Arrow
30:33 Leather Archer Armor
Carmelo maradona
6:22 Loom
9:05 Feudal Age
10:02 Double-Bit Axe
21:31 Castle Age
21:15 Scale Barding Armor
22:19 Bloodlines
23:24 Chain Barding Armor
23:32 Husbandry
34:32 Wheelbarrow
36:55 Gold Mining
43:22 Imperial Age
Connection lost

Rejoining the realm…

Still unreachable

The connection could not be restored.

Session expired

The server has moved on; the page needs a fresh start.